 Dungeon Crawl Stone Soup version 0.27-a0-860-gaf99fae3ca (webtiles) character file.

Game seed: 6219710041719305399

60 jasper the Changer (level 3, 0/16 HPs)
             Began as a Spriggan Venom Mage on Apr 1, 2021.
             Succumbed to an adder's poison
             ... on level 2 of the Dungeon.
             The game lasted 00:04:32 (2527 turns).

jasper the Changer (Spriggan Venom Mage)            Turns: 2527, Time: 00:04:33

Health: 0/16       AC:  3    Str:  4    XL:     3   Next: 80%
Magic:  8/8        EV: 17    Int: 17    God:
Gold:   60         SH:  0    Dex: 15    Spells: 6/7 levels left

rFire    . . .     SeeInvis +   g - +0 short sword
rCold    . . .     Faith    .   (shield restricted)
rNeg     . . .     Spirit   .   a - +0 robe
rPois    .         Reflect  .   (helmet restricted)
rElec    .         Harm     .   b - +0 cloak
rCorr    .         Rampage  .   (gloves unavailable)
Will     .....                  (boots unavailable)
Stlth    ++........             (no amulet)
HPRegen  0.05/turn              (no ring)
MPRegen  0.11/turn              (no ring)

@: brilliant, lethally poisoned (0 -> -8), very slightly contaminated, very
quick
A: very small, no large weapons, unfitting armour, see invisible, speed 3
a: no special abilities


You were on level 2 of the Dungeon.
You visited 1 branch of the dungeon, and saw 2 of its levels.

You collected 60 gold pieces.

Inventory:

Hand Weapons
 g - a +0 short sword (weapon)
Missiles
 c - 77 stones
Armour
 a - a +0 robe (worn)
 b - a +0 cloak (worn)
Scrolls
 d - a scroll of magic mapping {unknown}
 f - a scroll of identify {unknown}
 i - a scroll of holy word {unknown}
Potions
 e - a potion of brilliance


   Skills:
 - Level 2.6 Dodging
 - Level 3.0 Stealth
 - Level 2.6 Spellcasting
 - Level 5.0 Transmutations
 + Level 3.0 Poison Magic


You had 6 spell levels left.
You knew the following spells:

 Your Spells              Type           Power      Damage    Failure   Level
a - Sting                 Tmut/Pois      92%        1d7       3%          1

Your spell library contained the following spells:

 Spells                   Type           Power      Damage    Failure   Level
 Poisonous Vapours        Pois/Air       22%        N/A       14%         2
 Ignite Poison            Fire/Tmut/Pois 17%        N/A       19%         3
 Mephitic Cloud           Conj/Pois/Air  8%         N/A       34%         3
 Olgreb's Toxic Radiance  Pois           19%        N/A       45%         4
 Animate Armour           Summ/Erth      6%         N/A       87%         4
 Leda's Liquefaction      Hex/Erth       1%         N/A       87%         4
 Bolt of Magma            Conj/Fire/Erth 1%         4d4       99%         5
 Iron Shot                Conj/Erth      1%         9d1       100%        6
 Statue Form              Tmut/Erth      10%        N/A       100%        6
 Shatter                  Erth           1%         3d6*      100%        9


Dungeon Overview and Level Annotations

Branches:
Dungeon (2/15)

Altars:


Innate Abilities, Weirdness & Mutations

You are very small and have problems with some larger weapons.
You are too small for most types of armour.
You have supernaturally acute eyesight. (SInv)
You cover ground extremely quickly. (Speed+++)


Message History

The adder barely misses you. The adder bites you.
You take 4 damage, and have 12/16 hp.
MASSIVE DAMAGE!!
You now have 5/8 mp.
Aiming: Sting (safe; 3% risk of failure)
Press: ? - help, Q - select action, (/) - cycle Shift-Dir - straight line, f/p - adder
Aim: an adder (heavily wounded, very poisoned, 43% to evade)
You miscast Sting.
You are very lightly contaminated with residual magic.
Nothing appears to happen.
The adder bites you.
You are lethally poisoned!
The adder poisons you!
You take 5 damage, and have 7/16 hp.
MASSIVE DAMAGE!!
You now have 4/8 mp.
You feel sick.
Things that are here:
a +0 dagger; a kobold corpse You take 2 damage, and have 5/16 hp.
* * * LOW HITPOINT WARNING * * *
You feel sick.
You take 1 damage, and have 4/16 hp.
* * * LOW HITPOINT WARNING * * *
You feel sick.
You take 1 damage, and have 3/16 hp.
Aiming: Sting (safe; 3% risk of failure)
Press: ? - help, Q - select action, (/) - cycle Shift-Dir - straight line, f/p - adder
Aim: an adder (almost dead, very poisoned, 43% to evade)
The sting hits the adder.
The adder looks even sicker.
You kill the adder!
* * * LOW HITPOINT WARNING * * *
You feel sick.
Training target 5.0 for Transmutations reached!
Your Transmutations skill increases to level 5!
You need to enable at least one skill for training.
You take 1 damage, and have 2/16 hp.
You now have 3/8 mp.
It was a potion of brilliance.
You feel clever all of a sudden.
* * * LOW HITPOINT WARNING * * *
You feel sick.
You take 1 damage, and have 1/16 hp.
It was a potion of magic.
Magic courses through your body.
You die...

#.# #.# #.# ..# #.#
#....###### ##.##
#....).# ##...##
#...####.###..>..##
## #.##.......##
##.#####@..........#
#..................#
.................#.#
...#
#..#######.##...##.#
#..( ...#
#.#.......## #..#
#.# #.#.#####..##
#..# #.# #.#.
##..###. ##..# #.#
#.# ##....#. ....#
#.# ##..#..#.


There were no monsters in sight!

Vanquished Creatures
  An adder (D:2)
  A worm (D:2)
  A dart slug (D:1)
  6 endoplasms
  4 goblins
  6 hobgoblins
  4 jackals (D:1)
  2 quokkas (D:2)
  2 ball pythons
  3 bats (D:1)
  2 frilled lizards
  6 kobolds
  5 rats
43 creatures vanquished.

Vanquished Creatures (others)
  3 plants (D:1)
  5 toadstools (D:1)
8 creatures vanquished.

Grand Total: 51 creatures vanquished

Notes
Turn   | Place    | Note
-------+----------+-------------------------------------------
     0 | D:1      | jasper the Spriggan Venom Mage began the quest for the Orb.
     0 | D:1      | Reached XP level 1. HP: 9/9 MP: 5/5
    38 | D:1      | Reached skill level 2 in Transmutations
   427 | D:1      | Reached XP level 2. HP: 13/13 MP: 4/6
   443 | D:1      | Reached skill level 3 in Transmutations
  1026 | D:1      | Reached skill level 4 in Transmutations
  1235 | D:1      | Reached XP level 3. HP: 16/16 MP: 4/8
  2526 | D:2      | Reached skill level 5 in Transmutations
  2527 | D:2      | Succumbed to an adder's poison

Illustrated notes

Levels and vault maps discovered:
D:1:      ldierk_walled_garden, layout_basic, grunt_decor_arrowhead
D:2:      layout_loops_ring, minmay_pentomino_w2

Skill      XL: |  1  2  3 |
---------------+----------+-----
Transmutations | 2 4 5 |  5.0
Dodging        | |  2.6
Stealth        | |  3.0
Spellcasting   | |  2.6
Poison Magic   | |  3.0

Action                   || total
-------------------------++-------
Melee: Unarmed           ||     6
       Short sword       ||     2
 Cast: Sting             ||   104
  Use: Potion            ||     2
Armor: Robe              ||     6
Dodge: Dodged            ||    35

Table legend: (Time is in decaauts)
 A = Elapsed time spent in this place.
 B = Non-inter-level travel time spent in this place.
 C = Inter-level travel time spent in this place.
 D = Time resting spent in this place.
 E = Time spent auto-exploring this place.
 F = Levels seen in this place.
 G = Mean time per level.
                   A        B        C        D        E       F      G
               +--------+--------+--------+--------+--------+-----+--------+
         Total |   2051 |   2004 |     47 |    293 |   1363 |   2 | 1025.5 |
       Dungeon |   2051 |   2004 |     47 |    293 |   1363 |   2 | 1025.5 |
               +--------+--------+--------+--------+--------+-----+--------+

Top non-repeatable levels by time:
     D:1: 1339 daAuts
     D:2: 712 daAuts
